 Dungeon Crawl Stone Soup version 0.23.2 (webtiles) character file.

Game seed: 2616837789776469818

7827 Borgoz the Slicer (level 11, -5/88 HPs)
             Began as a Ghoul Gladiator on Apr 3, 2019.
             Was a Follower of Ashenzari.
             Slain by a deep troll (16 damage)
             ... on level 10 of the Dungeon.
             The game lasted 00:13:24 (8033 turns).

Borgoz the Slicer (Ghoul Gladiator)                 Turns: 8033, Time: 00:13:25

Health: -5/88      AC:  9    Str: 23    XL:     11   Next: 21%
Magic:  10/10      EV: 15    Int:  5    God:    Ashenzari [*.....]
Gold:   569        SH:  0    Dex: 11    Spells: 10/10 levels left

rFire    . . .     SeeInvis +   a - +11 rapier of Brawling {venom, rC++} (curse)
rCold    + + +     Gourm    .   (no shield)
rNeg     + + +     Faith    .   G - +0 ring mail of Adoc Faa {+Inv} (curse)
rPois    ∞         Spirit   .   c - +0 helmet
rElec    .         Reflect  .   I - +0 cloak
rCorr    .         Harm     .   (no gloves)
MR       +....                  (no boots)
Stlth    ++........             z - amulet of the acrobat
HPRegen  0.00/turn              y - +4 ring of strength (curse)
MPRegen  0.12/turn              W - ring "Amalimeo" {rPois rN+ MR+ SInv}

@: rotting, hasted, very quick
A: rotting body, claws 1, carnivore, cold resistance 1, negative energy
resistance 3, inhibited regeneration, torment resistance, unbreathing
a: Curse Item, Scrying, Renounce Religion, Evoke Invisibility


You were on level 10 of the Dungeon.
You worshipped Ashenzari.
Ashenzari was aware of your devotion.
You were not hungry.

You visited 2 branches of the dungeon, and saw 11 of its levels.

You collected 569 gold pieces.

Inventory:

Hand Weapons
 a - the cursed +11 rapier of Brawling (weapon) {venom, rC++}
   (You found it on level 6 of the Dungeon)

   It poisons the flesh of those it strikes.
   It greatly protects you from cold.
   It has a curse placed upon it.
 b - the +5 demon whip "Spellbinder" {antimagic, MR+}
   (You found it on level 8 of the Dungeon)

   It reduces the magical energy of the wielder, and disrupts the spells and
   magical abilities of those hit.
   Natural abilities and divine invocations are not affected.
   It affects your resistance to hostile enchantments.
 j - a +2 vampiric dagger
 t - a +3 dagger
 H - a +3 quarterstaff of chaos
 J - a +0 rapier
 N - a +0 dagger of distortion
 P - a cursed -2 rapier
Missiles
 d - 4 throwing nets (quivered)
 S - 3 poisoned tomahawks
Armour
 c - a +0 helmet (worn)
 G - the cursed +0 ring mail of Adoc Faa (worn) {+Inv}
   (You found it on level 6 of the Dungeon)

   It lets you turn invisible.
   It has a curse placed upon it.
 I - a +0 cloak (worn)
 L - a +1 scale mail of cold resistance
Jewellery
 i - an uncursed ring of fire
 m - an uncursed ring of magical power
 r - an uncursed amulet of regeneration
 x - an uncursed ring of see invisible
 y - a cursed +4 ring of strength (left claw)
 z - an amulet of the acrobat (around neck)
 M - an uncursed ring of protection from magic
 T - a +3 amulet of reflection
 W - the ring "Amalimeo" (right claw) {rPois rN+ MR+ SInv}
   (You found it on level 10 of the Dungeon)

   [ring of poison resistance]

   It protects you from poison.
   It protects you from negative energy.
   It affects your resistance to hostile enchantments.
   It lets you see invisible.
Wands
 v - a wand of random effects (21)
 w - a wand of iceblast (7)
 B - a wand of clouds (5)
 V - a wand of enslavement (7)
Scrolls
 e - a scroll of summoning {unknown}
 k - 4 scrolls of fog
 n - 5 scrolls of remove curse
 o - 3 scrolls of enchant armour
 p - 6 scrolls of enchant weapon
 q - 5 scrolls of amnesia
 s - a scroll of fear {unknown}
 u - 8 scrolls of teleportation
 D - 2 scrolls of magic mapping {unknown}
 E - a scroll of vulnerability {unknown}
 F - a scroll of acquirement {unknown}
 K - a scroll of silence {unknown}
 R - a scroll of blinking {unknown}
Potions
 g - 3 potions of haste
 h - a potion of agility
 A - a potion of magic
 C - a potion of heal wounds
 Q - a potion of flight
 U - a potion of brilliance
Comestibles
 f - 22 rations
 O - 11 chunks of flesh


   Skills:
 + Level 5.6 Fighting
 * Level 9.2 Short Blades
 - Level 1.7 Throwing
 * Level 8.7 Armour
 * Level 9.2 Dodging
 + Level 5.6 Stealth


You had 10 spell levels left.
You didn't know any spells.
Your spell library contained the following spells:

 Spells                   Type           Power        Failure   Level  Hunger
 Freeze                   Ice            #...         61%         1    ##.....
 Throw Frost              Conj/Ice       #.....       75%         2    ###....
 Ozocubu's Armour         Chrm/Ice       #.......     93%         3    ####...
 Summon Ice Beast         Ice/Summ       #.......     100%        4    #####..
 Throw Icicle             Conj/Ice       #.......     100%        4    #####..


Dungeon Overview and Level Annotations

Branches:
Dungeon (10/15)            Temple (1/1) D:6            Lair (0/6) D:10
    Orc: D:9-12

Altars:
Ashenzari
Cheibriados
Dithmenos
Elyvilon
Fedhas
Gozag
Hepliaklqana
Kikubaaqudgha
Makhleb
Nemelex Xobeh
Okawaru
Qazlal
Ru
Sif Muna
Trog
Uskayaw
Vehumet
Wu Jian
Xom
Yredelemnul
Zin
The Shining One

Shops:
D:6 [

Annotations:
D:2 2 transporters
D:3 1 runed translucent door, grocchini's ghost, amateur OpFi
D:6 2 runed translucent doors, cklessthan3's ghost, novice GnSk
D:8 4 runed translucent doors


Innate Abilities, Weirdness & Mutations

Your body is rotting away.
You thrive on raw meat.
You are immune to poison.
You have sharp fingernails.
You are carnivorous and can eat meat at any time.
Your flesh is cold resistant. (rC+)
You are immune to negative energy. (rN+++)
You do not regenerate when monsters are visible.
You are immune to unholy pain and torment.
You can survive without breathing.


Message History

A deep elf mage and a deep troll come into view.
The deep troll shouts!
The deep elf mage shouts!
The deep troll bites you! The deep troll completely misses you.
The deep troll claws you!
There is an open door here.
You are too injured to fight recklessly!
You are too injured to fight recklessly!
You are too injured to fight recklessly!
You are too injured to fight recklessly!
You puncture the deep troll!
The deep troll is poisoned.
The deep troll is lightly wounded.
The deep troll misses you.
The deep troll claws you but does no damage.
The deep troll claws you!
Things that are here:
a +0 glaive; a +0 chain mail; an orc skeleton You feel yourself speed up.
The deep troll bites you!!
* * * LOW HITPOINT WARNING * * *
The deep troll claws you!
You die...

......# #...#
#.......#.....# ......#
#...# ##.....##.###.##
......# #...# ###...###.#
#... ......# #...#
#......#..# #... ......#
#...# #......#..# #...
......# ####### #......#..#
#... ......#
#....####.....#..# #...
......# #.......###...#..#
#... ......#
#..e)T@...##.....# #...
......######'#####'####....#
#... ..........#...#
#..)#.#....# #...
..........#.....##..(.##...#
#...
......#####......##.#..#...#
#<.. ......#
#######.###..#...# #...
......# .##..##..# #...
......# ##...#..# #...
......# #...#..# #..#


You could see a deep troll and a deep elf mage.

Vanquished Creatures
  A deep elf mage (D:10)
  An ugly thing (D:8)
  A centaur skeleton (D:7)
  Psyche (D:9)
  2 hippogriffs
  2 wyverns
  A yak (D:7)
  A wraith (D:10)
  A human (D:7)
  3 hogs (D:7)
  A hungry ghost (D:9)
  2 wargs (D:10)
  A soldier ant (D:10)
  A water moccasin (D:8)
  2 orc warriors (D:10)
  3 ice beasts
  A black bear (D:6)
  A sky beast (D:7)
  An eye of draining (D:10)
  A necrophage (D:8)
  2 phantoms
  3 ogres
  6 centaurs
  A crocodile (D:10)
  A big kobold (D:6)
  5 bullfrogs
  2 scorpions
  13 killer bees
  5 wights (D:10)
  2 howler monkeys (D:9)
  3 crimson imps
  2 hounds
  4 orc priests
  Crazy Yiuf (D:5)
  3 jellies
  2 bullfrog skeletons
  7 iguanas
  5 orc wizards
  4 worker ants
  A hound zombie (D:10)
  2 hound skeletons (D:8)
  2 worker ant zombies
  A howler monkey zombie (D:6)
  A gnoll (D:1)
  9 adders
  A howler monkey skeleton (D:4)
  A shadow imp (D:9)
  An ooze (D:2)
  An adder zombie (D:10)
  4 worms
  2 dart slugs (D:2)
  2 leopard geckos
  33 orcs
  2 ball pythons
  6 bats
  6 giant cockroaches
  5 goblins
  10 hobgoblins
  12 jackals
  A quokka (D:6)
  4 frilled lizards
  4 kobolds
  A leopard gecko skeleton (D:5)
  A quokka skeleton (D:8)
  A rat (D:1)
  2 fungi (D:5)
215 creatures vanquished.

Vanquished Creatures (others)
  A crimson imp (D:8)
1 creature vanquished.

Grand Total: 216 creatures vanquished

Notes
Turn   | Place    | Note
-------+----------+-------------------------------------------
     0 | D:1      | Borgoz the Ghoul Gladiator began the quest for the Orb.
     0 | D:1      | Reached XP level 1. HP: 17/17 MP: 0/0
   310 | D:1      | Reached XP level 2. HP: 21/24 MP: 1/1
   615 | D:1      | Reached skill level 1 in Armour
   693 | D:1      | Reached XP level 3. HP: 23/30 MP: 2/2
   846 | D:2      | Found a glowing golden altar of the Shining One.
  1107 | D:2      | Found a transporter.
  1107 | D:2      | Noticed an orc warrior
  1111 | D:2      | Found a transporter.
  1136 | D:2      | Reached skill level 1 in Stealth
  1149 | D:2      | Reached XP level 4. HP: 29/37 MP: 3/3
  1304 | D:2      | Found a deep blue altar of Sif Muna.
  1325 | D:2      | Found a basalt altar of Yredelemnul.
  1611 | D:2      | Found a snail-covered altar of Cheibriados.
  1612 | D:2      | Found a shadowy altar of Dithmenos.
  1780 | D:3      | Reached XP level 5. HP: 10/41 MP: 4/4
  1806 | D:3      | Reached XP level 6. HP: 11/49 MP: 5/5
  2040 | D:3      | Found a runed translucent door.
  2040 | D:3      | Noticed grocchini's ghost (amateur OpFi)
  2242 | D:3      | Found a sparkling altar of Nemelex Xobeh.
  3393 | D:5      | Entered Level 5 of the Dungeon
  3546 | D:5      | Noticed a phantom
  3562 | D:5      | Reached XP level 7. HP: 50/56 MP: 6/6
  4317 | D:5      | Found a runed translucent door.
  4318 | D:5      | Noticed Crazy Yiuf
  4327 | D:5      | Killed Crazy Yiuf
  4403 | D:6      | Got a bloodstained rapier
  4404 | D:6      | Identified the +11 rapier of Brawling {venom, rC++} (You
                  | found it on level 6 of the Dungeon)
  4473 | D:6      | Found a staircase to the Ecumenical Temple.
  4487 | Temple   | Entered the Ecumenical Temple
  4574 | Temple   | Became a worshipper of Ashenzari the Shackled
  4684 | D:6      | Got the cursed ring mail of Adoc Faa {+Inv}
  4695 | D:6      | Identified the cursed +0 ring mail of Adoc Faa {+Inv} (You
                  | found it on level 6 of the Dungeon)
  4815 | D:6      | Found Umarayl's Armour Shop.
  4829 | D:6      | Reached XP level 8. HP: 55/63 MP: 7/7
  4881 | D:6      | Found a large runed translucent door.
  4978 | D:6      | Noticed a wyvern
  4983 | D:6      | Killed a wyvern
  5072 | D:6      | Found a large runed translucent door.
  5073 | D:6      | Noticed cklessthan3's ghost (novice GnSk)
  5467 | D:7      | Noticed a yak
  5486 | D:7      | Reached XP level 9. HP: 45/71 MP: 8/8
  5838 | D:8      | Found a large runed translucent door.
  5838 | D:8      | Found a large runed translucent door.
  5838 | D:8      | Noticed a deep elf mage
  5842 | D:8      | Found a large runed translucent door.
  5843 | D:8      | Found a large runed translucent door.
  5887 | D:8      | Reached XP level 10. HP: 66/80 MP: 9/9
  6445 | D:8      | Noticed a green ugly thing
  6455 | D:8      | Killed a green ugly thing
  6455 | D:8      | Reached skill level 5 in Fighting
  6575 | D:9      | Reached skill level 5 in Stealth
  6603 | D:9      | Reached * piety under Ashenzari
  7010 | D:9      | Found an ornate altar of the Wu Jian Council.
  7042 | D:9      | Noticed Psyche
  7049 | D:9      | Killed Psyche
  7162 | D:10     | Entered Level 10 of the Dungeon
  7363 | D:10     | Found a staircase to the Lair.
  7500 | D:10     | Reached XP level 11. HP: 88/88 MP: 10/10
  7523 | D:10     | Identified the ring "Amalimeo" {rPois rN+ MR+ SInv}
  7954 | D:10     | Noticed a deep elf mage
  7963 | D:10     | Killed a deep elf mage
  8026 | D:10     | Noticed a deep troll
  8026 | D:10     | Noticed a deep elf mage
  8033 | D:10     | Slain by a deep troll

Skill      XL: |  1  2  3  4  5  6  7  8  9 10 |
---------------+-------------------------------+-----
Armour         | 1 6 7 8 |  8.7
Short Blades   | 3 6 7 8 9 |  9.2
Dodging        | 3 6 7 8 9 |  9.2
Stealth        | 1 2 3 4 5 |  5.6
Fighting       | 3 4 5 |  5.6
Throwing       | |  1.7

Action                   |  1- 3 |  4- 6 |  7- 9 | 10-12 || total
-------------------------+-------+-------+-------+-------++-------
Melee: Rapier            |    29 |       |   145 |   259 ||   433
       Dagger            |    89 |   321 |   134 |       ||   544
Throw: Throwing net      |       |       |     1 |       ||     1
Invok: Curse Item        |       |       |       |     2 ||     2
Evoke: Wand              |       |       |     2 |       ||     2
  Use: Potion            |       |     4 |       |     1 ||     5
       Scroll            |       |       |       |    14 ||    14
 Stab: Sleeping          |     1 |     2 |     3 |     3 ||     9
       Held in net/web   |       |       |     1 |       ||     1
  Eat: Chunk             |     1 |     9 |    15 |    15 ||    40
Armor: Leather armour    |    57 |    40 |    19 |       ||   116
       Ring mail         |       |       |    41 |    55 ||    96
Dodge: Dodged            |    94 |   145 |   176 |   197 ||   612
